 Dungeon Crawl Stone Soup version 0.30-a0-986-g7f2e898f52 (webtiles) character file.

Game seed: 6566124910834651710

689 Shard1697 the Cudgeller (level 7, -1/59 HPs)
             Began as an Armataur Fighter on Apr 2, 2023.
             Was an Initiate of Makhleb.
             Slain by an ogre
             ... wielding a +0 giant club
              (15 damage)
             ... on level 5 of the Dungeon.
             The game lasted 00:04:22 (3750 turns).

Shard1697 the Cudgeller (Armataur Fighter)          Turns: 3750, Time: 00:04:22

Health: -1/59      AC:  9    Str: 21    XL:     7   Next: 36%
Magic:  7/7        EV:  7    Int:  9    God:    Makhleb [......]
Gold:   179        SH:  4    Dex: 11    Spells: 6/6 levels left

rFire   . . .      SeeInvis .    a - +3 flail
rCold   . . .      Faith    .    c - +0 buckler
rNeg    . . .      Spirit   .    b - +0 scale mail
rPois   .          Reflect  .    (no helmet)
rElec   .          Roll     +    t - +0 cloak
rCorr   .                        w - +0 pair of gloves
Will    .....                    (no barding) Stlth
                                 o - amulet of the acrobat
HPRegen 0.29/turn                (no ring)
MPRegen 0.10/turn                (no ring)

@: no status effects
A: large, rugged brown scales 3, deformed body, armoured tail, roll, long
tongue, awkward tongue
a: Renounce Religion


You were on level 5 of the Dungeon.
You worshipped Makhleb.
Makhleb was noncommittal.
You visited 2 branches of the dungeon, and saw 6 of its levels.
You also visited: Sewer.

You collected 179 gold pieces.

Inventory:

Hand Weapons
 a - a +3 flail (weapon)
 m - a +0 flail
Missiles
 f - 4 javelins (quivered)
Armour
 b - a +0 scale mail (worn)
 c - a +0 buckler (worn)
 t - a +0 cloak (worn)
 w - a +0 pair of gloves (worn)
Jewellery
 o - an amulet of the acrobat (around neck)
 q - an amulet of faith
Wands
 n - a wand of digging (6)
Scrolls
 g - 2 scrolls of poison {unknown}
 j - 2 scrolls of enchant armour {unknown}
 k - 2 scrolls of blinking {unknown}
 l - a scroll of brand weapon {unknown}
 r - 3 scrolls of fear {unknown}
 s - a scroll of noise {unknown}
 x - 3 scrolls of teleportation {unknown}
Potions
 d - a potion of might
 e - 2 potions of curing
 h - a potion of attraction
 i - a potion of flight {unknown}
 p - 3 potions of heal wounds
 u - a potion of mutation {unknown}
 v - a potion of ambrosia {unknown}
 z - 2 potions of lignification {unknown}
 A - a potion of degeneration {unknown}
 B - a potion of haste {unknown}


   Skills:
 - Level 2.6 Fighting
 + Level 7.6 Maces & Flails
 - Level 3.6 Armour
 - Level 3.2 Shields


You had 6 spell levels left.
You didn't know any spells.
Your spell library contained the following spells:

 Spells                   Type           Power      Damage    Failure   Level
 Ensorcelled Hibernation  Hex/Ice        0%         N/A       90%         2
 Passwall                 Tmut/Erth      0%         N/A       90%         2
 Gell's Gravitas          Tloc           0%         N/A       99%         3
 Swiftness                Air            0%         N/A       99%         3
 Teleport Other           Tloc           0%         N/A       99%         3
 Dispersal                Tloc           0%         N/A       100%        6


Dungeon Overview and Level Annotations

Branches:
Dungeon (5/15)             Temple (1/1) D:4           Sewer (visited)

Altars:
Cheibriados
Dithmenos
Kikubaaqudgha
Makhleb
Vehumet

Shops:
D:3 *   D:5 ::

Annotations:
D:3 2 transporters


Innate Abilities, Weirdness & Mutations

You are completely covered in rugged brown scales. (AC +3, +7% HP)
Armour fits poorly on your strangely shaped body.
You have a long armoured tail.
You roll when moving toward enemies. (Rampage)
Your long tongue fully drains potion bottles. (2x potion effects)
Your tongue gives you trouble enunciating. (1.5x scroll delay)


Message History

You hit the scorpion but do no damage.
The scorpion stings you but does no damage.
You barely miss the scorpion. The scorpion stings you.
You are poisoned.
The scorpion poisons you!
You feel better.
You slurp down every last drop of the potion of curing!
The scorpion stings you but does no damage.
You closely miss the scorpion.
Your tail-slap misses the scorpion.
The scorpion stings you. x2
You are poisoned.
The scorpion poisons you!
You hit the scorpion.
Your tail-slap misses the scorpion.
The scorpion is moderately wounded.
You feel very sick. You block the scorpion's attack.
You sock the scorpion! You tail-slap the scorpion.
You kill the scorpion!
Makhleb accepts your kill.
You feel very sick.
You feel better.
You slurp down every last drop of the potion of curing!
The ogre hits you with a +0 giant club!!
* * * LOW HITPOINT WARNING * * *
Adjust (i)tems, (s)pells, or (a)bilities?
i - 2 potions of curing Adjust to which letter? (? for menu, Esc to quit)
e - 2 potions of curing;
i - a yellow potion You hit the ogre.
Your tail-slap misses the ogre.
The ogre is lightly wounded.
The ogre barely misses you.
You closely miss the ogre. You tail-slap the ogre.
The ogre is moderately wounded.
You barely miss the ogre.
The ogre is moderately wounded.
You block the ogre's attack.
You hit the ogre.
The ogre is heavily wounded.
The ogre hits you with a +0 giant club!
You die...

.# .#************************
..,,,,,,,,,,^,,,,,,,,,,,,*
.#**********************,*
.######### *>* .........# *,*
.....###.####### *,*
#..............#########.#
##.#.###.#####..@O.......#
#.#.###.#########.$.....#***
#.#.....#..O.......)......,*
#.#######.....####.####.##,***
#..,,,,,.....,..,[...,*,#,,,,*
###*****####,*#.,..##.#,*,,,**
*,,,,,,**,*#.##.##,#,*,,,*
*,***#.##,*#.....#,*,*,,,* ***
#.#..,#.<...#,*,*,,,*


You could see an ogre.

Vanquished Creatures
  Pargi (Sewer)
  An ogre (D:5)
  2 scorpions (D:5)
  Crazy Yiuf (D:3)
  4 iguanas
  10 gnolls
  7 adders
  2 worms
  2 dart slugs
  5 orcs (D:4)
  7 ball pythons
  4 bats
  11 endoplasms
  A giant cockroach (D:3)
  6 goblins
  7 hobgoblins
  3 jackals (D:4)
  3 quokkas
  4 frilled lizards (Sewer)
  7 kobolds
  6 rats
94 creatures vanquished.

Vanquished Creatures (others)
  4 plants (D:4)
4 creatures vanquished.

Grand Total: 98 creatures vanquished

Notes
Turn   | Place    | Note
-------+----------+-------------------------------------------
     0 | D:1      | Shard1697 the Armataur Fighter began the quest for the Orb.
     0 | D:1      | Reached XP level 1. HP: 19/19 MP: 1/1
    17 | D:1      | Reached skill level 2 in Maces & Flails
   172 | D:1      | Reached XP level 2. HP: 26/26 MP: 2/2
   207 | D:1      | Found a faded altar of an unknown god.
   320 | D:1      | Reached skill level 3 in Maces & Flails
   517 | D:2      | Reached XP level 3. HP: 32/32 MP: 3/3
   691 | D:2      | Found a shadowy altar of Dithmenos.
   773 | D:2      | Reached XP level 4. HP: 39/39 MP: 4/4
   775 | D:2      | Reached skill level 4 in Maces & Flails
  1280 | D:3      | Found a transporter.
  1283 | D:3      | Found a transporter.
  1369 | D:3      | Found a runed translucent door.
  1370 | D:3      | Noticed Crazy Yiuf
  1376 | D:3      | HP: 1/39 [Crazy Yiuf/+4 quarterstaff of chaos (2)]
  1377 | D:3      | Killed Crazy Yiuf
  1378 | D:3      | Reached XP level 5. HP: 2/44 MP: 5/5
  1726 | D:3      | Reached skill level 5 in Maces & Flails
  1842 | D:3      | Found Usat's Assorted Antiques.
  2248 | D:4      | Reached XP level 6. HP: 53/53 MP: 6/6
  2446 | D:4      | Found a staircase to the Ecumenical Temple.
  2861 | D:4      | Reached skill level 6 in Maces & Flails
  3076 | D:5      | Entered Level 5 of the Dungeon
  3076 | D:5      | Found Xeihik's Book Shoppe.
  3185 | D:5      | Found Lukyicsuzin's Vocational Training.
  3200 | D:5      | Found a glowing drain.
  3224 | Sewer    | Entered a sewer
  3335 | Sewer    | Noticed Pargi
  3352 | Sewer    | Killed Pargi
  3353 | Sewer    | Reached skill level 7 in Maces & Flails
  3353 | Sewer    | Reached XP level 7. HP: 41/59 MP: 7/7
  3555 | Temple   | Entered the Ecumenical Temple
  3609 | Temple   | Became a worshipper of Makhleb the Destroyer
  3750 | D:5      | Slain by an ogre

Illustrated notes

Levels and vault maps discovered:
D:1:      onia_arrival_handbag, layout_rooms,
          hellmonk_ecumenical_altar_heavens_door
D:2:      layout_rooms, basic_altar
D:3:      gammafunk_wand_slinger, layout_rooms, serial_shops, shop,
          nicolae_elevator_lobby_plus, uniq_crazy_yiuf_cottage
D:4:      layout_loops_corners, minmay_temple_entry_junction,
          serial_bayou_lake_a
D:5:      layout_basic, serial_shops, shop, portal_sewer_entry_d,
          nicolae_shop_vocational, uniq_pikel
Temple:   mainiacjoe_temple_cubbyholes

Skill      XL: |  1  2  3  4  5  6 |
---------------+-------------------+-----
Maces & Flails | 2 3 4 5 7 |  7.6
Fighting       | |  2.6
Armour         | |  3.6
Shields        | |  3.2

Action                     |  1- 3 |  4- 6 |  7- 9 || total
---------------------------+-------+-------+-------++-------
  Melee: Flail             |    70 |   168 |    22 ||   260
         Tailslap          |     5 |    21 |     4 ||    30
    Use: Potion            |       |     2 |     2 ||     4
         Scroll            |       |     2 |       ||     2
 Armour: Scale mail        |    34 |    76 |     3 ||   113
  Dodge: Dodged            |    21 |    65 |     6 ||    92
  Block: Buckler           |    15 |    36 |     3 ||    54

Table legend: (Time is in decaauts)
 A = Elapsed time spent in this place.
 B = Non-inter-level travel time spent in this place.
 C = Inter-level travel time spent in this place.
 D = Time resting spent in this place.
 E = Time spent auto-exploring this place.
 F = Levels seen in this place.
 G = Mean time per level.
                   A        B        C        D        E       F      G
               +--------+--------+--------+--------+--------+-----+--------+
         Total |   3797 |   3501 |    296 |    615 |   2176 |   7 |  542.4 |
       Dungeon |   3490 |   3218 |    272 |    521 |   2045 |   5 |  698.0 |
        Temple |     78 |     55 |     23 |      0 |     46 |   1 |   78.0 |
         Sewer |    228 |    228 |      0 |     94 |     85 |   1 |  228.0 |
               +--------+--------+--------+--------+--------+-----+--------+

Top non-repeatable levels by time:
     D:4: 1079 daAuts
     D:3: 883 daAuts
     D:2: 633 daAuts
     D:1: 603 daAuts
     D:5: 290 daAuts
   Sewer: 228 daAuts
  Temple: 78 daAuts
